 Dungeon Crawl Stone Soup version 0.18-a0-921-g28655ce (webtiles) character file.

7694 Duffy the Cleaver (level 11, -27/94 HPs)
             Began as a Centaur Fighter on Dec 27, 2015.
             Was a High Priest of Makhleb.
             Annihilated by a white ugly thing (33 damage)
             ... on level 10 of the Dungeon.
             The game lasted 00:17:30 (12771 turns).

Duffy the Cleaver (Centaur Fighter)                Turns: 12771, Time: 00:17:30

Health: -27/94     AC:  9    Str: 18    XL:     11   Next: 0%
Magic:  17/17      EV:  7    Int:  8    God:    Makhleb [*****.]
Gold:   476        SH:  0    Dex: 12    Spells: 0 memorised, 10 levels left

rFire  + . .     SeeInvis +     X - +2 battleaxe (elec)
rCold  . . .     Gourm    .     F - +0 scale mail
rNeg   . . .     Faith    .     (shield currently unavailable)
rPois  .         Spirit   .     v - +0 helmet
rElec  .         Dismiss  .     B - +0 cloak
rCorr  .         Reflect  .     q - +0 pair of gloves
SustAt .         Harm     .     (no barding)
MR     .....                    k - amulet of rage
Stlth  ..........               Z - ring of see invisible
                                b - ring of protection from fire

@: exhausted, slowed, not resistant to hostile enchantments, extremely
unstealthy
A: hooves 3, deformed body, speed 2, tough skin 3
a: Minor Destruction, Lesser Servant of Makhleb, Major Destruction, Greater
Servant of Makhleb, Renounce Religion, Evoke Berserk Rage


You were on level 10 of the Dungeon.
You worshipped Makhleb.
Makhleb was extremely pleased with you.
You were hungry.

You visited 1 branch of the dungeon, and saw 10 of its levels.

You collected 476 gold pieces.


Innate Abilities, Weirdness & Mutations

You have hooves in place of feet.
Armour fits poorly on your strangely shaped body.
You cover ground very quickly.
You have extremely tough skin (AC +3).


   Skills:
 + Level 8.0 Fighting
 + Level 11.2 Axes
 - Level 2.2 Armour
 - Level 2.2 Shields
 - Level 8.5 Evocations


You had 10 spell levels left.
You didn't know any spells.

Inventory:

Hand Weapons
 i - a +0 blowgun
 X - a +2 battleaxe of electrocution (weapon)
Missiles
 h - 4 throwing nets
 p - 23 poisoned needles
 y - 10 tomahawks
 A - 3 silver tomahawks
 M - 7 silver javelins (quivered)
Armour
 c - a +0 shield
 q - a +0 pair of gloves (worn)
 u - a -2 centaur barding
 v - a +0 helmet (worn)
 B - a +0 cloak (worn)
 F - a +0 scale mail (worn)
Jewellery
 b - a ring of protection from fire (left hand)
 k - an amulet of rage (around neck)
 Y - the ring of the Four Beds {+Blink rPois rF+ Str+4 Slay-4}

   [ring of poison resistance]

   It affects your strength (+4).
   It affects your accuracy and damage with ranged weapons and melee attacks
   (-4).
   It protects you from fire.
   It protects you from poison.
   It lets you blink.
 Z - a ring of see invisible (right hand)
Wands
 a - a wand of confusion (24/48)
 t - a wand of fireball (5/15)
 Q - a wand of enslavement (18/24)
 S - a wand of paralysis (20/24)
Scrolls
 e - 2 scrolls of recharging
 m - 4 scrolls of remove curse
 o - 4 scrolls of teleportation
 s - a scroll of fear
 x - 2 scrolls of fog
 D - a scroll of blinking
 H - a scroll of magic mapping
Potions
 d - 3 potions of might
 j - 6 potions of haste
 n - 4 potions of heal wounds
 r - a potion of flight
 w - 2 potions of cure mutation
 z - a potion of magic
 C - 2 potions of agility
 E - a potion of poison {unknown}
 K - a potion of resistance {unknown}
 L - 2 potions of ambrosia
 N - 2 potions of brilliance
 U - a potion of degeneration {unknown}
 W - a potion of curing {unknown}
Books
 J - a book of Necromancy
 O - a book of Minor Magic
Comestibles
 f - 9 bread rations
 g - 11 meat rations
 l - a fruit
 G - 4 chunks of flesh
 I - a slice of pizza
 P - 3 beef jerkies
 R - a royal jelly

Dungeon Overview and Level Annotations

Branches:
Dungeon (10/15)            Temple (0/1) D:4            Lair (0/8) D:9
    Orc: D:9-12

Altars:
Ashenzari
Dithmenos
Elyvilon
Gozag
Makhleb
Okawaru
Pakellas
Qazlal
Ru
Trog
Vehumet
Zin
The Shining One


Message History

You butcher the yak corpse.
G - 2 chunks of flesh (gained 1)
You see here a yak skeleton.
A white ugly thing comes into view.
The white ugly thing gurgles horribly!
You see here a yak corpse.
You butcher the yak corpse.
Things that are here:
2 chunks of flesh; a yak skeleton A white ugly thing is nearby!
G - 4 chunks of flesh (gained 2)
A worker ant comes into view.
The worker ant twitches its antennae in your direction.
You slice the worker ant!!
You kill the worker ant!
Makhleb accepts your kill.
You feel better.
You have reached level 11!
The white ugly thing stings you. The white ugly thing freezes you!!
You slash the white ugly thing!
You kick the white ugly thing, but do no damage.
The white ugly thing is lightly wounded.
The white ugly thing barely misses you.
You barely miss the white ugly thing.
The white ugly thing is lightly wounded.
You are feeling hungry.
The white ugly thing stings you but does no damage.
The white ugly thing stings you! The white ugly thing freezes you!!
You are too injured to fight recklessly!
You are too injured to fight recklessly!
You are too injured to fight recklessly!
Your scale mail prevents you from hitting the white ugly thing.
The white ugly thing is lightly wounded.
The white ugly thing stings you. The white ugly thing freezes you!!
You die...

#.....#.....#######.....#...
#.....#.....# #.....#...
#.....#.....#.....#.....####
#.....#.....#.....#.........
#.....#.....#.....#.........
..#.....#.....#.....#.........
........#.....#.....#.........
~~~.....#######.....####......
~.~~..........@.%....# #..####
.~~~..####....u......+ #......
~~~~~.[..#.....#############...
.~..~....#.....# #.........
~~..~.~..#%....# #.........
~...~~Y..#%%...# #.........
..~~~.~..%.....# #.....####
...~~~~........# #.....#...
.\..~..........# #.....#...


You could see a white ugly thing.

Action                   |  1- 3 |  4- 6 |  7- 9 | 10-12 || total
-------------------------+-------+-------+-------+-------++-------
Melee: War axe           |   143 |    66 |   220 |    16 ||   445
       Hand axe          |       |       |   237 |    90 ||   327
       Battleaxe         |       |       |       |    87 ||    87
 Abil: Evoke Berserk Rag |     1 |     3 |    15 |     5 ||    24
  Use: Scroll            |       |     8 |     2 |    13 ||    23
  Eat: Chunk             |     3 |     5 |    25 |     9 ||    42
       Beef jerky        |       |       |     2 |     2 ||     4
       Fruit             |       |       |     2 |       ||     2

Notes
Turn   | Place    | Note
--------------------------------------------------------------
     0 | D:1      | Duffy the Centaur Fighter began the quest for the Orb.
     0 | D:1      | Reached XP level 1. HP: 19/19 MP: 1/1
   125 | D:1      | Reached skill level 2 in Axes
   332 | D:1      | Reached XP level 2. HP: 26/26 MP: 2/2
  1011 | D:2      | Reached skill level 1 in Evocations
  1055 | D:2      | Found a faded altar to an unknown god.
  1166 | D:2      | Noticed Sigmund
  1463 | D:2      | Reached XP level 3. HP: 31/31 MP: 3/3
  1592 | D:3      | Found a burning altar of Makhleb.
  1667 | D:3      | Became a worshipper of Makhleb the Destroyer
  1671 | D:3      | Noticed Robin
  1749 | D:3      | Killed Robin
  1847 | D:3      | Reached skill level 3 in Axes
  1929 | D:3      | Found a sacrificial altar of Ru.
  2038 | D:3      | Reached skill level 2 in Evocations
  2043 | D:3      | Reached XP level 4. HP: 26/38 MP: 5/5
  2047 | D:3      | Reached * piety under Makhleb
  2198 | D:3      | Found an opulent altar of Gozag.
  2462 | D:3      | Noticed JokEr's ghost (amateur FoFi)
  2473 | D:3      | Killed JokEr's ghost
  2473 | D:3      | Reached skill level 4 in Axes
  2473 | D:3      | Reached skill level 3 in Evocations
  2473 | D:3      | Reached XP level 5. HP: 45/45 MP: 5/7
  2473 | D:3      | Reached XP level 6. HP: 51/51 MP: 5/8
  3180 | D:4      | Noticed Duffy's ghost (amateur HEGl)
  3290 | D:4      | Killed Duffy's ghost
  3290 | D:4      | Reached skill level 5 in Axes
  3290 | D:4      | Reached skill level 4 in Evocations
  3297 | D:4      | Reached XP level 7. HP: 57/57 MP: 8/10
  3487 | D:4      | Found a staircase to the Ecumenical Temple.
  3638 | D:4      | Found an oddly glowing altar of Pakellas.
  4265 | D:5      | Entered Level 5 of the Dungeon
  4433 | D:5      | Reached skill level 5 in Evocations
  4860 | D:5      | Reached ** piety under Makhleb
  4860 | D:5      | Reached skill level 6 in Axes
  5250 | D:6      | Reached XP level 8. HP: 63/63 MP: 12/12
  5381 | D:6      | Found a shadowy altar of Dithmenos.
  5485 | D:6      | Reached skill level 6 in Evocations
  5944 | D:6      | Reached skill level 7 in Axes
  6195 | D:2      | Noticed Ijyb
  6207 | D:2      | Killed Ijyb
  6367 | D:2      | Killed Sigmund
  6505 | D:7      | Found a glowing golden altar of the Shining One.
  6548 | D:6      | Reached *** piety under Makhleb
  6849 | D:7      | Noticed Menkaure
  6863 | D:7      | Killed Menkaure
  6863 | D:7      | Reached skill level 7 in Evocations
  7020 | D:7      | Noticed Duvessa
  7021 | D:7      | Noticed Dowan
  7051 | D:7      | Killed Dowan
  7088 | D:7      | Killed Duvessa
  7088 | D:7      | Reached skill level 8 in Axes
  7191 | D:7      | Reached XP level 9. HP: 60/69 MP: 14/14
  7308 | D:7      | Noticed Crazy Yiuf
  7318 | D:7      | Killed Crazy Yiuf
  7973 | D:7      | Noticed Pikel
  8002 | D:7      | Killed Pikel
  8002 | D:7      | Reached skill level 8 in Evocations
  8096 | D:7      | Reached skill level 9 in Axes
  8691 | D:8      | Noticed Prince Ribbit
  8857 | D:8      | Reached skill level 4 in Fighting
  9032 | D:8      | Found a shattered altar of Ashenzari.
  9035 | D:8      | Found a radiant altar of Vehumet.
  9038 | D:8      | Found a bloodstained altar of Trog.
  9041 | D:8      | Found a stormy altar of Qazlal.
  9243 | D:8      | Reached **** piety under Makhleb
  9443 | D:8      | Killed Prince Ribbit
  9443 | D:8      | Reached XP level 10. HP: 80/80 MP: 16/16
  9562 | D:8      | Reached skill level 5 in Fighting
  9788 | D:8      | Found a glowing silver altar of Zin.
 10404 | D:9      | Reached skill level 10 in Axes
 10443 | D:9      | Found a staircase to the Lair.
 10517 | D:9      | Found a white marble altar of Elyvilon.
 10552 | D:9      | Reached skill level 6 in Fighting
 10582 | D:9      | Noticed Grum
 10594 | D:9      | Killed Grum
 10993 | D:9      | Got a coiled lead ring
 11065 | D:9      | Found an iron altar of Okawaru.
 11069 | D:9      | Identified the ring of the Four Beds {+Blink rPois rF+ Str+4 Slay-4} (You found it on level 9 of the Dungeon)
 11440 | D:10     | Entered Level 10 of the Dungeon
 12162 | D:10     | Reached skill level 7 in Fighting
 12531 | D:10     | Noticed Psyche
 12540 | D:10     | Killed Psyche
 12746 | D:10     | Reached skill level 11 in Axes
 12753 | D:10     | Reached ***** piety under Makhleb
 12753 | D:10     | Reached skill level 8 in Fighting
 12759 | D:10     | Noticed a white ugly thing
 12766 | D:10     | Reached XP level 11. HP: 83/94 MP: 17/17
 12771 | D:10     | Annihilated by a white ugly thing

Vault maps used:
D:1:      dpeg_arrival_court, grunt_decor_fettered, minmay_crystal_room
D:2:      ecumenical_altar_2, first_bread, uniq_sigmund, uniq_iyjb
D:3:      nicolae_ru_path_of_blood, grunt_gozag_statues, old_standard_altar,
          uniq_robin
D:4:      marbit_many_paths, st_stairs_8, minmay_statues_item
D:5:      eino_curves_02
D:6:      nicolae_dithmenos_shadow_blocks
D:7:      kennysheep_spiral_hall, tso_metal_star, grunt_ogre_cave,
          uniq_crazy_yiuf_cottage, uniq_pikel, uniq_duvessa, uniq_menkaure
D:8:      nicolae_overflow_hidden_temple, grunt_temple_overflow_cloverleaf,
          minmay_mini_ossuary, uniq_prince_ribbit1
D:9:      okawaru_trees_1, kennysheep_mini_moat, david_lair_shrubbed, uniq_grum
D:10:     serial_ice, serial_ice_j, serial_ice_f, serial_ice_m, serial_ice_a,
          serial_ice_c, minmay_bad_closet, uniq_psyche

Vanquished Creatures
  Pikel Psyche
  A komodo dragon
  The ghost of JokEr the Skirmisher, an amateur FoFi Prince Ribbit
  A two-headed ogre Sigmund
  7 yaks
  A wyvern Grum
  2 hippogriffs
  The ghost of Duffy the Twirler, an amateur HEGl Menkaure
  2 wolves
  2 phantoms
  2 orc warriors
  4 slaves Duvessa
  A black bear
  4 ice beasts
  A wasp
  A necrophage
  A sky beast
  6 ogres
  3 big kobolds
  A centaur
  2 giant frogs
  A crocodile
  4 scorpions Dowan
  An electric eel
  4 killer bees
  3 crimson imps
  A centaur zombie
  A giant frog zombie
  A gnoll shaman
  3 iguanas
  6 orc wizards Crazy Yiuf Ijyb
  11 worker ants
  4 orc priests
  A centaur simulacrum
  A mummy Robin
  3 worker ant zombies
  6 gnolls
  4 adders
  A white imp
  An ufetubus
  An ooze
  An adder skeleton
  2 adder zombies
  A worm
  6 giant geckos
  24 orcs
  3 ball pythons
  9 bats
  8 hobgoblins
  7 jackals
  2 quokkas
  8 giant cockroaches
  A giant newt
  13 goblins
  3 hobgoblin zombies
  A jackal zombie
  23 kobolds
  A kobold zombie
  A quokka skeleton
  4 rats
  A plant
232 creatures vanquished.
